 Dungeon Crawl Stone Soup version 0.22.1-2-g9c5b331383 (webtiles) character file.

18078 Gargoyl the Cleaver (level 12, -1/166 HPs)
             Began as a Centaur Abyssal Knight on Dec 26, 2018.
             Was a Priest of Lugonu.
             Succumbed to a spiny frog's poison
             ... on level 6 of the Lair of Beasts on Dec 27, 2018.
             The game lasted 00:27:49 (18326 turns).

Gargoyl the Cleaver (Centaur Abyssal Knight)       Turns: 18326, Time: 00:27:50

Health: -1/166     AC: 26    Str: 21 (25) XL:     12   Next: 24%
Magic:  19/19      EV:  1    Int: 11      God:    Lugonu [***...]
Gold:   836        SH: 18    Dex: 18 (19) Spells: 11/11 levels left

rFire    . . .     SeeInvis .   q - +2 war axe (flame)
rCold    . . .     Gourm    .   w - +0 large shield
rNeg     + + +     Faith    .   (armour currently unavailable)
rPois    +         Spirit   .   (helmet currently unavailable)
rElec    .         Reflect  +   (cloak currently unavailable)
rCorr    .         Harm     .   (gloves currently unavailable)
MR       .....     NoTele   +   (no barding)
Stlth    +++.......             j - +5 amulet of reflection
HPRegen  0.37/turn              e - +1 ring of slaying
MPRegen  0.16/turn              r - +3 ring of dexterity

@: mighty, agile, lethally poisoned (-1 -> -4), tree-form, berserk cooldown,
slowed, very slow
A: large, deterioration 1, robust 1, strong 1
a: Depart the Abyss, Bend Space, Banish, Renounce Religion


You were on level 6 of the Lair of Beasts.
You worshipped Lugonu.
Lugonu was most pleased with you.
You were very hungry.
You were a tree.
You visited 2 branches of the dungeon, and saw 14 of its levels.
You visited the Abyss 2 times.

You collected 836 gold pieces.

Inventory:

Hand Weapons
 a - a +2 hand axe
 q - a +2 war axe of flaming (weapon)
Missiles
 u - 7 javelins (quivered)
Armour
 b - a +1 leather armour (melded)
 d - a +2 cloak (melded)
 l - a +0 helmet (melded)
 t - a +0 plate armour
 v - a +0 pair of gloves (melded)
 w - a +0 large shield (worn)
Jewellery
 e - a +1 ring of slaying (left branch)
 j - a +5 amulet of reflection (around neck)
 o - an uncursed amulet of rage
 r - a +3 ring of dexterity (right branch)
Wands
 i - a wand of acid (12)
 p - a wand of random effects (34)
 F - a wand of paralysis (13)
Scrolls
 f - a scroll of identify
 k - 2 scrolls of fear
 y - a scroll of magic mapping
 B - a scroll of teleportation
 D - 2 scrolls of enchant weapon
 E - a scroll of remove curse
Potions
 g - 2 potions of berserk rage
 n - a potion of agility
 s - a potion of magic
 x - 2 potions of cancellation {unknown}
 z - 3 potions of haste
 C - a potion of flight
Comestibles
 c - 16 rations


   Skills:
 + Level 7.9 Fighting
 + Level 11.1 Axes
 + Level 3.2 Throwing
 * Level 7.0 Armour
 * Level 5.4 Dodging
 + Level 1.5 Shields
 * Level 9.6 Invocations


You had 11 spell levels left.
You didn't know any spells.
Your spell library contained the following spells:

 Spells                   Type           Power        Failure   Level  Hunger
 Magic Dart               Conj           #...         100%        1    ##.....
 Blink                    Tloc           N/A          100%        2    ###....
 Call Imp                 Summ           #.......     100%        2    ###....
 Slow                     Hex            #.......     100%        2    ###....
 Conjure Flame            Conj/Fire      #.......     100%        3    ####...
 Mephitic Cloud           Conj/Pois/Air  #.......     100%        3    ####...


Dungeon Overview and Level Annotations

Branches:
Dungeon (10/15)            Temple (0/1) D:7            Lair (3/6) D:10
  Snake (0/4) Lair:2
  Swamp: Lair:2-4    Shoals: Lair:2-4       Orc: D:9-12

Altars:
Dithmenos
Gozag
Hepliaklqana
Makhleb
Sif Muna
Trog
Uskayaw
Wu Jian
Xom

Shops:
D:7 (

Annotations:
Lair:6 corrupted


Innate Abilities, Weirdness & Mutations

((You have hooves in place of feet.))
((Armour fits poorly on your strangely shaped body.))
((You cover ground very quickly.))
((You have extremely tough skin. (AC +3)))
Your body sometimes deteriorates upon taking damage.
You are robust. (+10% HP)
Your muscles are strong. (Str +2)


Message History

* * * LOW HITPOINT WARNING * * *
You feel sick.
The spiny frog closely misses the raiju.
The insubstantial wisp barely misses the spiny frog.
The raiju barely misses the spiny frog.
A red film seems to cover your vision as you go berserk!
You feel yourself moving faster!
You feel mighty!
* * * LOW HITPOINT WARNING * * *
You feel sick.
The spiny frog stings the raiju!
The raiju is poisoned.
The spiny frog poisons the raiju!
The insubstantial wisp hits the spiny frog.
The spiny frog dies!
You feel a strong urge to attack something.
* * * LOW HITPOINT WARNING * * *
You feel sick.
You feel your anger nearly subside.
You are no longer berserk.
You are exhausted.
You feel yourself slow down.
Unknown command.
You die...

.#.......#....#
....#†......†.#
P..P.........##
..P.#...Z.##.#
.....#..5..#.#
..........x.v##
...#.....#..†.##
..........#..h.#
..............♣#
.#......#..P####
#...#..#.#.##
.###.# #.# ##


You could see a neutral raiju (wandering), a neutral small abomination
(wandering), a neutral insubstantial wisp (wandering), a neutral iron imp
(wandering) and a neutral storm dragon simulacrum (wandering).

Vanquished Creatures
  Gastronok (D:8)
  Erica (D:8)
  4 two-headed ogres
  Sonja (Lair:2)
  Pikel (D:8)
  An oklob plant (Lair:2)
  A black mamba (Lair:1)
  2 spiny frogs (Lair:2)
  2 komodo dragons (Lair:1)
  2 rime drakes (Lair:2)
  A merfolk (D:10)
  A hippogriff (Lair:1)
  2 hornets
  3 blink frogs (Lair:2)
  3 yaks (Lair:2)
  A spriggan (D:10)
  A basilisk (Lair:1)
  A wyvern (D:8)
  A human (D:10)
  A hungry ghost (D:8)
  A naga (Lair:2)
  2 water moccasins
  3 porcupines
  3 black bears
  4 orc warriors
  3 sky beasts
  5 ice beasts
  5 phantoms
  A slave (D:8)
  4 ogres
  5 centaurs
  6 crocodiles
  A big kobold (D:10)
  10 bullfrogs
  A wyvern zombie (D:6)
  5 scorpions
  8 killer bees
  3 howler monkeys
  2 crimson imps
  4 bullfrog zombies
  3 jellies
  A quasit (D:8)
  7 orc priests
  9 hounds
  A bullfrog skeleton (D:4)
  A centaur skeleton (D:9)
  5 orc wizards
  4 iguanas
  Jessica (D:3)
  8 worker ants
  2 killer bee zombies
  A hound zombie (D:6)
  2 hound skeletons
  2 howler monkey zombies
  7 gnolls
  10 adders
  5 shadow imps
  2 oozes
  An adder skeleton (D:9)
  3 adder zombies
  2 worms (D:2)
  2 dart slugs (D:1)
  6 leopard geckos
  19 orcs
  3 bats
  2 giant cockroaches (D:4)
  9 goblins
  6 hobgoblins
  4 jackals (D:7)
  3 quokkas
  3 ball pythons
  3 frilled lizards
  10 kobolds
  2 leopard gecko zombies
  6 rats
  2 plants (Lair:2)
264 creatures vanquished.

Vanquished Creatures (others)
  The ghost of Mirch the Cleaver, a journeyman DsGl of Okawaru (Lair:1)
  The ghost of NoAnimeNoLife the Basher, a novice DsFi of Qazlal (D:8)
  12 spiny frogs (Lair:6)
  A tyrant leech (Lair:6)
  A hippogriff (Lair:6)
  5 blink frogs (Lair:6)
  3 vampire mosquitoes (Lair:6)
  A slave (D:8)
  3 wolves (Lair:6)
  2 crocodiles (Lair:6)
  5 bullfrogs (Lair:6)
  2 electric eels (Lair:6)
  An orc wizard (D:5)
  4 fungi (Lair:6)
  11 plants
  6 starspawn tentacles (Lair:6)
59 creatures vanquished.

Grand Total: 323 creatures vanquished

Notes
Turn   | Place    | Note
-------+----------+-------------------------------------------
     0 | Abyss:1  | Gargoyl the Centaur Abyssal Knight began the quest for the
                  | Orb.
     0 | Abyss:1  | Reached XP level 1. HP: 19/19 MP: 2/2
    87 | Abyss:1  | Noticed a chaos spawn
   102 | Abyss:1  | Noticed a large abomination
   105 | Abyss:2  | Found a corrupted altar of Lugonu.
   142 | Abyss:2  | Found a corrupted altar of Lugonu.
   147 | Abyss:2  | Noticed a basilisk
   158 | Abyss:3  | Noticed a spatial vortex
   158 | Abyss:3  | Noticed a dire elephant
   159 | Abyss:3  | Gained mutation: You are surrounded by a mild repulsion
                  | field. (EV +2) [potion of mutation]
   159 | Abyss:3  | Gained mutation: Your flesh is cold resistant. (rC+)
                  | [potion of mutation]
   159 | Abyss:3  | Noticed a spatial vortex
   160 | D:1      | Escaped the Abyss
   383 | D:1      | Reached skill level 2 in Axes
   393 | D:1      | Reached XP level 2. HP: 26/26 MP: 3/3
   394 | D:1      | Reached * piety under Lugonu
   760 | D:1      | Reached XP level 3. HP: 30/31 MP: 4/4
  1023 | D:2      | Found a hide-covered altar of Uskayaw.
  1024 | D:2      | Found an ornate altar of the Wu Jian Council.
  1413 | D:2      | Found an opulent altar of Gozag.
  1442 | D:2      | Reached XP level 4. HP: 38/38 MP: 6/6
  1496 | D:2      | Found a shadowy altar of Dithmenos.
  1746 | D:3      | Noticed Jessica
  1754 | D:3      | Killed Jessica
  1895 | D:3      | Reached skill level 1 in Dodging
  2012 | D:3      | Reached ** piety under Lugonu
  2173 | D:3      | Reached XP level 5. HP: 35/45 MP: 7/7
  2837 | D:3      | Reached skill level 3 in Axes
  3271 | D:3      | Reached XP level 6. HP: 39/52 MP: 8/8
  3286 | D:3      | Lost mutation: Your flesh is cold resistant. (rC+) [potion
                  | of mutation]
  3286 | D:3      | Lost mutation: You are surrounded by a mild repulsion
                  | field. (EV +2) [potion of mutation]
  3286 | D:3      | Gained mutation: Your muscles are strong. (Str +2) [potion
                  | of mutation]
  3286 | D:3      | Gained mutation: Your body sometimes deteriorates upon
                  | taking damage. [potion of mutation]
  3286 | D:3      | Gained mutation: You are robust. (+10% HP) [potion of
                  | mutation]
  3610 | D:4      | HP: 2/57 [poisoned by a worker ant]
  4507 | D:4      | Reached XP level 7. HP: 56/64 MP: 9/9
  4620 | D:4      | Found a burning altar of Makhleb.
  4620 | D:4      | Noticed an Executioner
  4623 | D:4      | Noticed a ynoxinul
  4623 | D:4      | Noticed a hellwing
  4947 | D:5      | Entered Level 5 of the Dungeon
  4958 | D:5      | Reached skill level 4 in Axes
  5827 | D:5      | Reached XP level 8. HP: 60/73 MP: 11/11
  5892 | D:5      | Reached skill level 5 in Axes
  6319 | D:5      | Reached skill level 5 in Fighting
  6319 | D:5      | Reached skill level 5 in Invocations
  6741 | D:6      | Reached *** piety under Lugonu
  6944 | D:6      | Reached skill level 6 in Axes
  7417 | D:6      | Found a bloodstained altar of Trog.
  7857 | D:6      | Reached XP level 9. HP: 63/81 MP: 13/13
  8676 | D:7      | Found Dixis's Weapon Boutique.
  9025 | D:7      | Found a staircase to the Ecumenical Temple.
  9047 | D:8      | Reached skill level 7 in Axes
  9221 | D:8      | Noticed Gastronok
  9232 | D:8      | Killed Gastronok
  9232 | D:8      | Reached skill level 8 in Axes
  9232 | D:8      | Reached skill level 5 in Armour
  9232 | D:8      | Reached XP level 10. HP: 82/91 MP: 13/15
  9489 | D:8      | Noticed Pikel
  9528 | D:8      | Killed Pikel
  9812 | D:8      | Found a transporter.
  9818 | D:8      | Noticed NoAnimeNoLife's ghost (novice DsFi)
  9833 | D:8      | Found a transporter.
 10282 | D:8      | Noticed Erica
 10309 | D:8      | Killed Erica
 10309 | D:8      | Reached skill level 9 in Axes
 10309 | D:8      | Reached skill level 1 in Throwing
 10634 | D:8      | Found the transparent robe
 10698 | D:8      | Noticed a two-headed ogre
 10708 | D:8      | Killed a two-headed ogre
 10900 | D:8      | Found a deep blue altar of Sif Muna.
 11442 | D:8      | Banished NoAnimeNoLife's ghost
 11751 | D:9      | Noticed a two-headed ogre
 11769 | D:9      | Killed a two-headed ogre
 11769 | D:9      | Reached **** piety under Lugonu
 11769 | D:9      | Reached XP level 11. HP: 72/100 MP: 17/17
 12183 | D:9      | Noticed a two-headed ogre
 12189 | D:9      | Killed a two-headed ogre
 12189 | D:9      | Reached skill level 10 in Axes
 12476 | D:9      | Found a shimmering altar of Xom.
 12612 | D:9      | Noticed a two-headed ogre
 12629 | D:9      | Killed a two-headed ogre
 12779 | D:9      | Found a hazy altar of Hepliaklqana.
 12993 | D:10     | Entered Level 10 of the Dungeon
 13539 | D:10     | Found a staircase to the Lair.
 13968 | Lair:1   | Entered Level 1 of the Lair of Beasts
 14832 | Lair:1   | Reached skill level 5 in Dodging
 15090 | Lair:1   | Noticed Sonja
 15473 | Lair:1   | Found a runed gate.
 15474 | Lair:1   | Found a runed gate.
 15481 | Lair:1   | Found a runed gate.
 15482 | Lair:1   | Noticed Mirch's ghost (journeyman DsGl)
 15803 | Lair:1   | Banished Mirch's ghost
 16258 | Lair:2   | Found a staircase to the Snake Pit.
 16904 | Lair:2   | Reached XP level 12. HP: 101/111 MP: 17/19
 16935 | Lair:2   | Cast into level 2 of the Abyss (Sonja)
 16935 | Abyss:2  | Found a corrupted altar of Lugonu.
 16948 | Lair:2   | Escaped the Abyss
 16959 | Lair:2   | Killed Sonja
 17335 | Lair:2   | Reached skill level 1 in Shields
 17506 | Lair:2   | Got a bloodstained long sword
 17507 | Lair:2   | Identified the cursed +2 long sword of Xuwof {flame, rF+
                  | Str+4} (You found it on level 2 of the Lair of Beasts)
 17525 | Lair:2   | Reached skill level 11 in Axes
 18229 | Lair:3   | You fall through a shaft for 3 floors!
 18229 | Lair:6   | Entered Level 6 of the Lair of Beasts
 18262 | Lair:6   | Corrupted Lair:6
 18262 | Lair:6   | Noticed a vampire mage
 18269 | Lair:6   | Noticed a tentacled starspawn
 18317 | Lair:6   | HP: 4/111 [poisoned by a spiny frog]
 18321 | Lair:6   | HP: 1/166 [poisoned by a spiny frog]
 18326 | Lair:6   | Succumbed to a spiny frog's poison

Skill      XL: |  1  2  3  4  5  6  7  8  9 10 11 12 |
---------------+-------------------------------------+-----
Axes           | 2 3 4 6 8 9 10 11 | 11.1
Armour         | 2 3 4 5 6 7 |  7.0
Dodging        | 1 2 3 4 5 |  5.4
Invocations    | 3 4 5 6 8 9 |  9.6
Fighting       | 4 5 6 7 |  7.9
Throwing       | 1 2 3 |  3.2
Shields        | 1 |  1.5

Action                   |  1- 3 |  4- 6 |  7- 9 | 10-12 || total
-------------------------+-------+-------+-------+-------++-------
Melee: Hand axe          |   103 |   197 |    62 |       ||   362
       Kick              |    18 |    50 |    68 |   141 ||   277
       War axe           |       |       |   193 |   461 ||   654
Throw: Javelin           |       |       |     1 |    57 ||    58
Invok: Depart the Abyss  |     1 |       |       |     1 ||     2
       Banish            |       |       |       |     2 ||     2
       Bend Space        |       |       |       |     1 ||     1
       Corrupt           |       |       |       |     1 ||     1
  Use: Scroll            |     5 |     5 |     9 |     7 ||    26
       Potion            |     1 |     2 |     1 |    10 ||    14
  Eat: Chunk             |       |     9 |     5 |    12 ||    26
       Ration            |       |       |     3 |     4 ||     7
Armor: Leather armour    |     7 |    50 |   104 |   142 ||   303
       Scale mail        |    55 |     9 |       |       ||    64
Dodge: Dodged            |    58 |    77 |   132 |   176 ||   443
Block: Other             |    11 |    41 |    48 |    62 ||   162
       Reflection        |       |       |     1 |     9 ||    10
       Large shield      |       |       |       |   114 ||   114
